AoeStats
← Luca

Arena

508474645Analyzed
4v4 RM · 11d ago on Sep 22, 2026· 54m 6s· 8 players
Game mode
Random Map
Map size
Large (8 player)
Population
200
Speed
Normal
Resources
Standard
Victory
Conquest
Starting age
Dark Age
Ending age
Imperial Age
RankedLock teamsTeams togetherTeam positionsShared explorationLock speedFull tech treeHidden civsTurbo modeCheats
Victory
Defeat
🇫🇮 Teutons · Finland
1657
+10
🇫🇮 Danes · Finland
1581
+13
🇫🇮 Slavs · Finland
1506
+16
🇫🇮 Vietnamese · Finland
1484
+18
🇩🇪 Saxons · Germany
1602
-17
🇦🇷 Varangians · Argentina
1554
-16
🇦🇷 Britons · Argentina
1540
-15
🇦🇹 Varangians · Austria
1372
-9
low_eco_legends
5:39 Loom
8:17 Feudal Age
9:27 Double-Bit Axe
11:40 Horse Collar
12:25 Fletching
22:56 Castle Age
23:09 Town Watch
23:20 Gold Mining
23:21 Stone Mining
23:37 Bodkin Arrow
29:11 Bow Saw
31:30 Wheelbarrow
31:53 Heavy Plow
33:17 Fortified Wall
37:22 Imperial Age
34:57 Scale Mail Armor
35:31 Squires
35:18 Arson
35:19 Gambesons
36:50 Masonry
37:25 Forging
38:24 Chain Mail Armor
38:35 Conscription
38:08 Elite Varangian Guard
45:19 Hand Cart
46:15 Bracer
46:16 Padded Archer Armor
Luca
4:17 Loom
10:51 Feudal Age
14:44 Castle Age
14:16 Double-Bit Axe
16:44 Forging
16:45 Scale Barding Armor
20:21 Forging
27:29 Fletching
30:09 Horse Collar
31:11 Bow Saw
31:48 Heavy Plow
34:24 Gold Mining
38:03 Stone Mining
42:04 Imperial Age
41:37 Wheelbarrow
40:47 Town Watch
43:11 Conscription
44:16 Iron Casting
44:04 Chain Barding Armor
43:45 Crossbowman
46:32 Pikeman
47:13 Squires
XxX_Ricardo_2018_Max_XxX
10:29 Feudal Age
11:46 Double-Bit Axe
14:18 Castle Age
14:53 Horse Collar
15:24 Bow Saw
18:08 Loom
18:58 Wheelbarrow
21:36 Heavy Plow
23:32 Gold Mining
24:34 Fletching
27:35 Imperial Age
27:00 Bodkin Arrow
27:33 Ballistics
26:37 Crossbowman
27:43 Arbalester
28:30 Bracer
29:19 Padded Archer Armor
30:15 Hand Cart
30:44 Yeomen
30:45 Conscription
30:45 Leather Archer Armor
31:38 Chemistry
32:21 Ring Archer Armor
31:58 Scale Barding Armor
32:51 Capped Ram
34:21 Gold Shaft Mining
34:22 Loom
37:05 Scale Mail Armor
37:15 Forging
36:51 Pikeman
37:32 Squires
37:20 Halberdier
39:15 Chain Mail Armor
39:35 Iron Casting
40:27 Elite Skirmisher
42:23 Plate Mail Armor
44:41 Blast Furnace
54:49 Two-Man Saw
TU VIEJA
10:14 Feudal Age
14:12 Castle Age
12:27 Double-Bit Axe
12:51 Horse Collar
15:34 Heavy Plow
21:04 Bow Saw
22:38 Wheelbarrow
23:28 Gold Mining
23:58 Stone Mining
28:43 Imperial Age
26:29 Hand Cart
26:57 Fletching
27:07 Padded Archer Armor
27:20 Bloodlines
27:11 Husbandry
26:57 Loom
27:51 Bodkin Arrow
28:32 Scale Barding Armor
28:52 Forging
28:46 Cavalier
30:15 Chain Barding Armor
30:35 Scale Mail Armor
31:10 Iron Casting
30:48 Squires
32:13 Chain Mail Armor
32:37 Plate Barding Armor
33:05 Conscription
33:01 Elite Varangian Guard
34:41 Arson
35:35 Chain Mail Armor
36:06 Pikeman
37:53 Plate Mail Armor
37:17 Halberdier
39:32 Blast Furnace
40:39 Caravan
40:07 Gothikon
41:46 Light Cavalry
45:40 Hussar
49:52 Masonry
DogMeat-
10:16 Feudal Age
10:28 Loom
13:25 Fletching
13:28 Double-Bit Axe
13:26 Horse Collar
23:11 Castle Age
44:18 Heavy Plow
45:37 Wheelbarrow
46:19 Bow Saw
48:20 Hand Cart
50:07 Gold Mining
50:07 Stone Mining
53:36 Imperial Age
51:27 Town Watch
52:08 Ballistics
51:59 Masonry
52:02 Bodkin Arrow
52:07 Padded Archer Armor
51:41 Crossbowman
52:28 Thumb Ring
53:47 Leather Archer Armor
54:20 Bracer
53:42 Arbalester
gottagou
10:55 Feudal Age
14:26 Castle Age
12:26 Horse Collar
12:58 Double-Bit Axe
15:38 Bow Saw
16:11 Heavy Plow
21:08 Wheelbarrow
22:36 Hand Cart
23:51 Loom
25:12 Scale Mail Armor
25:23 Forging
28:12 Imperial Age
25:39 Pikeman
26:19 Squires
26:36 Chain Mail Armor
26:28 Town Watch
27:01 Gold Mining
27:02 Stone Mining
28:22 Gold Shaft Mining
29:09 Iron Casting
28:27 Onager
29:43 Siege Engineers
31:08 Conscription
31:22 Plate Mail Armor
31:52 Blast Furnace
31:07 Halberdier
32:45 Masonry
32:30 Murder Holes
33:05 Siege Onager
34:53 Druzhina
35:30 Fletching
36:02 Ballistics
36:42 Chemistry
38:03 Capped Ram
39:35 Coinage
40:36 Two-Man Saw
40:10 Siege Ram
42:51 Bodkin Arrow
42:56 Padded Archer Armor
42:49 Guard Tower
42:45 Heavy Scorpion
50:03 Detinets
51:00 Leather Archer Armor
50:22 Elite Skirmisher
52:18 Ring Archer Armor
51:14 Imperial Skirmisher
53:34 Banking
30Markus
10:44 Feudal Age
11:44 Double-Bit Axe
14:31 Castle Age
12:37 Horse Collar
16:52 Wheelbarrow
21:52 Hand Cart
21:34 Loom
22:21 Heavy Plow
22:46 Fervor
24:00 Gold Mining
28:38 Imperial Age
27:13 Scale Barding Armor
27:18 Forging
28:44 Chain Barding Armor
29:33 Bloodlines
28:47 Cavalier
30:15 Iron Casting
30:15 Town Watch
30:20 Paladin
31:36 Bow Saw
32:25 Plate Barding Armor
32:51 Blast Furnace
33:52 Conscription
34:29 Fletching
36:55 Two-Man Saw
35:49 Stone Mining
37:35 Siege Engineers
38:27 Capped Ram
41:01 Heavy Scorpion
41:53 Caravan
45:49 Chemistry
45:09 Ballistics
45:21 Crenellations
48:02 Ironclad
Kaarlos
10:08 Feudal Age
11:29 Double-Bit Axe
11:37 Horse Collar
14:08 Castle Age
15:15 Bow Saw
25:18 Heavy Plow
25:29 Loom
28:14 Wheelbarrow
27:24 Town Watch
28:16 Gold Mining
28:17 Stone Mining
31:58 Imperial Age
30:10 Gold Shaft Mining
30:13 Stone Shaft Mining
30:59 Hand Cart
30:48 Scale Mail Armor
30:59 Forging
30:40 Fletching
31:50 Chain Mail Armor
31:01 Hamask
33:16 Iron Casting
33:05 Conscription
34:15 Plate Mail Armor
34:08 Squires
33:54 Arson
35:23 Masonry
36:03 Hoardings
35:26 Bodkin Arrow
37:09 Blast Furnace
36:36 Ballistics
36:52 Siege Engineers
37:26 Elite Jomsviking
39:19 Coinage
45:38 Banking
46:47 Chemistry
49:27 Northmen's Fury
50:37 Capped Ram
50:38 Onager
Connection lost

Rejoining the realm…

Still unreachable

The connection could not be restored.

Session expired

The server has moved on; the page needs a fresh start.